 Dungeon Crawl Stone Soup version 0.19.1 (webtiles) character file.

2921 RaHiT the Thaumaturge (level 9, -2/57 HPs)
             Began as a Mummy Conjurer on Dec 25, 2016.
             Was a Believer of Vehumet.
             Killed from afar by Joseph (16 damage)
             ... with a wand of lightning
             ... on level 7 of the Dungeon.
             The game lasted 00:31:35 (8115 turns).

RaHiT the Thaumaturge (Mummy Conjurer)              Turns: 8115, Time: 00:31:35

Health: -2/57      AC:  4    Str: 11    XL:     9   Next: 50%
Magic:  7/23       EV: 12    Int: 20    God:    Vehumet [**....]
Gold:   334        SH:  0    Dex: 12    Spells: 6 memorised, 9 levels left

rFire  x . .     SeeInvis .     t - +4 quarterstaff (chaos)
rCold  + . .     Gourm    .     a - +0 robe
rNeg   + + +     Faith    .     (shield currently unavailable)
rPois  ∞         Spirit   .     l - +0 helmet
rElec  .         Reflect  .     u - +0 cloak
rCorr  .         Harm     .     (no gloves)
MR     +....                    (no boots)
Stlth  +++.......               q - amulet of magic regeneration
                                k - +2 ring of intelligence
                                d - ring of stealth

@: no status effects
A: no food or potions, fire vulnerability, cold resistance 1, negative energy
resistance 3, torment resistance, unbreathing
a: Renounce Religion


You were on level 7 of the Dungeon.
You worshipped Vehumet.
Vehumet was pleased with you.
You were not hungry.

You visited 2 branches of the dungeon, and saw 8 of its levels.

You collected 334 gold pieces.

Inventory:

Hand Weapons
 i - a +0 short sword of draining
 s - a cursed -2 morningstar
 t - a +4 quarterstaff of chaos (weapon)
 v - a +0 trident
 C - a +2 spear
 D - a +4 trident
Missiles
 h - 31 sling bullets
 w - 2 throwing nets (quivered)
Armour
 a - a +0 robe (worn)
 l - a +0 helmet (worn)
 u - a +0 cloak (worn)
Jewellery
 d - a ring of stealth (left hand)
 k - a +2 ring of intelligence (right hand)
 q - an amulet of magic regeneration (around neck)
 z - a +6 ring of protection {unknown}
Wands
 e - a wand of digging (12/24)
 j - a wand of confusion (33/48)
 m - a wand of digging (0/24)
 A - a wand of random effects (16/48)
Scrolls
 c - 5 scrolls of amnesia
 f - 4 scrolls of blinking
 g - 2 scrolls of fear
 n - 2 scrolls of magic mapping
 o - a scroll of enchant weapon {unknown}
 p - 3 scrolls of remove curse
 r - a scroll of teleportation
 x - 2 scrolls of noise {unknown}
 y - 2 scrolls of recharging {unknown}
 B - a scroll of brand weapon {unknown}
Books
 b - a book of Conjurations

   Spells                             Type                      Level
   a - Magic Dart                     Conjuration                  1
   b - Searing Ray                    Conjuration                  2
   c - Dazzling Spray                 Conjuration/Hexes            3
   d - Fulminant Prism                Conjuration/Hexes            4
   e - Iskenderun's Mystic Blast      Conjuration                  4
   f - Iskenderun's Battlesphere      Conjuration/Charms           5


   Skills:
 - Level 1.5 Dodging
 - Level 1.5 Stealth
 - Level 10.0 Spellcasting
 * Level 7.4 Conjurations


You had 9 spell levels left.
You knew the following spells:

 Your Spells              Type           Power        Failure   Level  Hunger
a - Magic Dart            Conj           ####         1%          1    N/A
b - Iskenderun's Mystic   Conj           #####...     4%          4    N/A
c - Iskenderun's Battles  Conj/Chrm      ###.....     45%         5    N/A
d - Dazzling Spray        Conj/Hex       ###...       6%          3    N/A
e - Fulminant Prism       Conj/Hex       ###.......   17%         4    N/A
q - Searing Ray           Conj           #####.       1%          2    N/A

Dungeon Overview and Level Annotations

Branches:
Dungeon (7/15)             Temple (1/1) D:4

Altars:
Dithmenos
Elyvilon
Fedhas
Gozag
Hepliaklqana
Ru
Sif Muna
Uskayaw
Vehumet
Xom
Yredelemnul
The Shining One

Shops:
D:4 =   D:6 }

Annotations:
D:7 Joseph


Innate Abilities, Weirdness & Mutations

You do not eat or drink.
Your flesh is vulnerable to fire.
You are immune to poison.
Your flesh is cold resistant. (rC+)
You are immune to negative energy. (rN+++)
You are immune to unholy pain and torment.
You can survive without breathing.


Message History

Joseph is heavily wounded.
Joseph is dazzled.
Joseph shoots a sling bullet.
The sling bullet hits you!
Casting: Dazzling Spray
Confirm with . or Enter, or press ? or * to list all spells.
Aiming: Dazzling Spray
Press: ? - help, Shift-Dir - straight line, f/p - Joseph
Aim: Joseph, wielding a hunting sling, wearing a ring mail and carrying a wand of lightning {zapped: 1} (heavily wounded, blind)
The spray of energy hits Joseph.
Joseph is heavily wounded.
Joseph is dazzled.
Joseph zaps a wand.
The bolt of lightning hits you!
* * * LOW HITPOINT WARNING * * *
Casting: Dazzling Spray
Confirm with . or Enter, or press ? or * to list all spells.
Aiming: Dazzling Spray
Press: ? - help, Shift-Dir - straight line, f/p - Joseph
Aim: Joseph, wielding a hunting sling, wearing a ring mail and carrying a wand of lightning {zapped: 2} (heavily wounded, blind)
The spray of energy hits Joseph.
Joseph is heavily wounded.
Joseph is dazzled.
Joseph zaps a wand.
The bolt of lightning hits you!
You die...

###....# ####.#
## #.## ..
###..####### #.
#..........# #.
#..........#
#.##...†......#
#...............
###..@.†.......#
#..(....@....#
#...#####.....
###..# .#..#
##... ...# #...
.#.# $..# ...#
...


You could see Joseph (blind).

Vanquished Creatures
  The ghost of lupus83 the Archer, a novice CeHu (D:5)
  Grinder (D:4)
  Menkaure (D:6)
  A water moccasin (D:6)
  Duvessa (D:6)
  An orc warrior (D:6)
  A black bear (D:6)
  4 ogres
  A centaur (D:5)
  4 bullfrogs
  Blork the orc (D:4)
  A water moccasin zombie (D:5)
  Dowan (D:6)
  3 scorpions
  A water moccasin skeleton (D:5)
  4 wights (D:6)
  A crimson imp (D:6)
  A hound (D:4)
  Crazy Yiuf (D:3)
  3 orc priests
  A centaur skeleton (D:7)
  An iguana (D:5)
  Ijyb (D:2)
  3 orc wizards (D:6)
  3 worker ants
  A hound skeleton (D:4)
  7 adders
  15 gnolls
  An ooze (D:3)
  4 worms
  3 dart slugs
  6 leopard geckos
  9 orcs
  2 ball pythons
  7 bats
  4 giant cockroaches
  2 goblins (D:3)
  6 hobgoblins
  9 jackals
  4 quokkas
  5 frilled lizards
  7 kobolds
  A quokka skeleton (D:5)
  8 rats
  A plant (D:2)
144 creatures vanquished.

Vanquished Creatures (others)
  A fulminant prism (D:5)
1 creature vanquished.

Grand Total: 145 creatures vanquished

Notes
Turn   | Place    | Note
-------+----------+-------------------------------------------
     0 | D:1      | RaHiT the Mummy Conjurer began the quest for the Orb.
     0 | D:1      | Reached XP level 1. HP: 13/13 MP: 3/3
   298 | D:1      | Reached XP level 2. HP: 19/19 MP: 3/5
   302 | D:1      | Learned a level 2 spell: Searing Ray
   428 | D:1      | Reached skill level 3 in Spellcasting
   972 | D:2      | Reached XP level 3. HP: 24/24 MP: 2/7
  1251 | D:2      | Reached skill level 4 in Spellcasting
  1251 | D:2      | Reached XP level 4. HP: 24/30 MP: 8/10
  1367 | D:2      | Noticed Ijyb
  1452 | D:2      | Killed Ijyb
  2112 | D:3      | Reached XP level 5. HP: 35/35 MP: 4/12
  2124 | D:3      | Reached skill level 5 in Spellcasting
  2369 | D:3      | Found a white marble altar of Elyvilon.
  2925 | D:3      | Learned a level 4 spell: Iskenderun's Mystic Blast
  2931 | D:3      | Learned a level 5 spell: Iskenderun's Battlesphere
  3017 | D:3      | Reached XP level 6. HP: 41/41 MP: 10/13
  3097 | D:3      | Found a runed door.
  3201 | D:3      | Noticed Crazy Yiuf
  3206 | D:3      | Killed Crazy Yiuf
  3515 | D:4      | Reached skill level 5 in Conjurations
  3821 | D:4      | Noticed Blork the orc
  3827 | D:4      | Killed Blork the orc
  3827 | D:4      | Reached XP level 7. HP: 39/46 MP: 10/15
  3854 | D:4      | Found a staircase to the Ecumenical Temple.
  3865 | Temple   | Entered the Ecumenical Temple
  4135 | Temple   | Became a worshipper of Vehumet
  4212 | D:4      | Found a shadowy altar of Dithmenos.
  4282 | D:4      | Noticed Grinder
  4296 | D:4      | Killed Grinder
  4296 | D:4      | Reached skill level 6 in Spellcasting
  4439 | D:4      | Found Ciomn's Jewellery Boutique.
  4786 | D:4      | Found a deep blue altar of Sif Muna.
  4891 | D:5      | Entered Level 5 of the Dungeon
  5059 | D:5      | Reached skill level 7 in Spellcasting
  5065 | D:5      | Learned a level 3 spell: Dazzling Spray
  5070 | D:5      | Learned a level 4 spell: Fulminant Prism
  5183 | D:5      | Found a basalt altar of Yredelemnul.
  5226 | D:5      | Reached XP level 8. HP: 22/52 MP: 11/19
  5318 | D:5      | Noticed lupus83's ghost (novice CeHu)
  5331 | D:5      | Killed lupus83's ghost
  5331 | D:5      | Reached skill level 8 in Spellcasting
  5677 | D:5      | Reached skill level 9 in Spellcasting
  6402 | D:6      | Noticed Menkaure
  6407 | D:6      | Killed Menkaure
  6407 | D:6      | Reached * piety under Vehumet
  6407 | D:6      | Offered knowledge of Freeze by Vehumet.
  6438 | D:6      | Found Laypp's Gadget Boutique.
  6537 | D:6      | Noticed Duvessa
  6857 | D:5      | Reached skill level 10 in Spellcasting
  6857 | D:5      | Reached XP level 9. HP: 43/57 MP: 15/23
  7706 | D:6      | Noticed Dowan
  7710 | D:6      | Killed Duvessa
  7716 | D:6      | Killed Dowan
  7716 | D:6      | Offered knowledge of Sting by Vehumet.
  8033 | D:7      | Reached ** piety under Vehumet
  8034 | D:7      | Noticed Joseph
  8115 | D:7      | Killed from afar by Joseph

Skill      XL: |  1  2  3  4  5  6  7  8  9 |
---------------+----------------------------+-----
Spellcasting   | 3 4 5 7 10 | 10.0
Conjurations   | 4 5 7 |  7.4
Dodging        | |  1.5
Stealth        | |  1.5

Action                   |  1- 3 |  4- 6 |  7- 9 || total
-------------------------+-------+-------+-------++-------
Melee: Unarmed           |    10 |       |       ||    10
       Short sword       |   134 |       |       ||   134
       Whip              |       |    10 |       ||    10
       Quarterstaff      |       |     1 |    31 ||    32
 Cast: Magic Dart        |    25 |    64 |    60 ||   149
       Searing Ray       |     3 |    31 |    45 ||    79
       Dazzling Spray    |       |       |     9 ||     9
       Fulminant Prism   |       |       |     1 ||     1
       Iskenderun's Myst |       |       |     1 ||     1
       Iskenderun's Batt |       |       |     1 ||     1
  Use: Scroll            |       |     5 |     1 ||     6
 Stab: Sleeping          |     3 |       |       ||     3
Armor: Robe              |     6 |       |    11 ||    17
Dodge: Dodged            |    14 |    41 |    53 ||   108
